AoeStats
← SanitaryCupid50

Fortress

507614550Analyzed
2v2 RM · 12d ago on Sep 19, 2026· 44m 35s· 4 players
Game mode
Random Map
Map size
Normal (6 player)
Population
200
Speed
Normal
Resources
Standard
Victory
Conquest
Starting age
Dark Age
Ending age
Imperial Age
RankedLock teamsTeams togetherTeam positionsShared explorationLock speedFull tech treeHidden civsTurbo modeCheats
Victory
Defeat
🇺🇸 Spanish · United States
902
+12
🇨🇦 Burgundians · Canada
849
+14
🇺🇸 Britons · United States
809
-23
🇺🇸 Poles · United States
799
-35
Master Turtle
8:40 Feudal Age
9:13 Double-Bit Axe
14:43 Castle Age
15:07 Fletching
15:53 Yeomen
20:57 Ballistics
21:04 Squires
25:22 Pikeman
31:11 Padded Archer Armor
31:07 Bodkin Arrow
31:17 Murder Holes
36:15 Imperial Age
34:34 Bow Saw
37:10 Bracer
38:32 Caravan
39:46 Chemistry
40:10 Two-Man Saw
42:44 Elite Longbowman
Masked_Monke
9:21 Feudal Age
10:41 Horse Collar
10:50 Double-Bit Axe
11:43 Wheelbarrow
11:21 Gold Mining
17:22 Castle Age
18:02 Bloodlines
18:26 Scale Barding Armor
21:39 Husbandry
21:01 Light Cavalry
21:55 Caravan
22:26 Coinage
22:02 Heavy Plow
24:18 Chain Barding Armor
24:09 Forging
25:09 Hand Cart
30:00 Imperial Age
32:36 Winged Hussar
33:58 Iron Casting
34:05 Town Watch
37:03 Bow Saw
39:10 Stone Mining
40:25 Blast Furnace
40:32 Fortified Wall
40:02 Onager
SanitaryCupid50
3:10 Horse Collar
5:19 Double-Bit Axe
8:16 Feudal Age
12:44 Castle Age
10:50 Loom
11:38 Bow Saw
11:41 Heavy Plow
13:25 Wheelbarrow
14:40 Gold Mining
16:38 Scale Barding Armor
16:43 Forging
17:03 Burgundian Vineyards
18:24 Chain Barding Armor
19:59 Cavalier
20:40 Husbandry
21:18 Sanctity
21:28 Hand Cart
20:53 Light Cavalry
22:10 Iron Casting
21:26 Fletching
26:25 Imperial Age
25:32 Coinage
25:37 Town Watch
26:17 Fervor
26:40 Bodkin Arrow
27:02 Guilds
26:31 Paladin
27:49 Plate Barding Armor
28:32 Blast Furnace
28:26 Town Patrol
28:48 Bracer
29:53 Gold Shaft Mining
31:01 Chemistry
30:13 Fortified Wall
30:14 Masonry
31:08 Banking
36:44 Two-Man Saw
36:19 Architecture
44:50 Conscription
44:35 Spies/Treason
LordZooK25
5:22 Loom
7:18 Feudal Age
8:11 Horse Collar
15:23 Castle Age
14:17 Wheelbarrow
14:45 Double-Bit Axe
16:34 Fletching
18:26 Heavy Plow
20:42 Bow Saw
21:33 Bodkin Arrow
21:59 Scale Barding Armor
22:05 Forging
24:45 Husbandry
24:55 Bloodlines
32:26 Imperial Age
32:37 Elite Conquistador
34:26 Chemistry
33:14 Cavalier
34:01 Bracer
34:23 Chain Barding Armor
34:39 Iron Casting
Connection lost

Rejoining the realm…

Still unreachable

The connection could not be restored.

Session expired

The server has moved on; the page needs a fresh start.